 Dungeon Crawl Stone Soup version 0.31-a0-177-g4aa6249778 (webtiles) character file.

Game seed: 13696369413325697678

137 Moral the Insei (level 5, 0/35 HPs)
             Began as an Octopode Transmuter on June 19, 2023.
             Succumbed to a scorpion's poison
             ... on level 5 of the Dungeon.
             The game lasted 00:09:08 (2759 turns).

Moral the Insei (Octopode Transmuter)               Turns: 2759, Time: 00:09:08

Health: 0/35       AC:  1    Str: 12    XL:     5   Next: 20%
Magic:  9/9        EV: 13    Int: 15    God:
Gold:   96         SH:  0    Dex: 12    Spells: 9/10 levels left

rFire   . .          .
                       - Unarmed
rCold   . . .        (no shield)
rNeg    . . .        (helmet restricted)
rPois   .            (no amulet)
rElec   .            f - ring of flight
rCorr   .            (no ring)
SInv    .            (no ring)
Will    .....        (no ring)
Stlth   ++           (no ring)
HPRegen 0.25/turn    (no ring)
MPRegen 0.11/turn    (no ring)
                     (no ring)

%: no passive effects
@: lethally poisoned (0 -> -9), weak-willed, flying
A: almost no armour, amphibious, 8 rings, camouflage 1, gelatinous body 1,
(nimble swimmer 1), tentacles
a: no special abilities


You were on level 5 of the Dungeon.
You visited 1 branch of the dungeon, and saw 5 of its levels.

You collected 96 gold pieces.

Inventory:

Jewellery
 f - a ring of flight (left tentacle)
Potions
 b - a potion of degeneration {unknown}
 g - 2 potions of might {unknown}
 h - a potion of curing {unknown}
 l - a potion of ambrosia {unknown}


   Skills:
 * Level 2.4 Fighting
 * Level 3.0 Dodging
 + Level 3.4 Unarmed Combat
 * Level 3.0 Spellcasting
 + Level 2.4 Transmutations


You had 9 spell levels left.
You knew the following spells:

 Your Spells              Type           Power      Damage    Failure   Level
a - Beastly Appendage     Tmut           18%        N/A       7%          1

Your spell library contained the following spells:

 Spells                   Type           Power      Damage    Failure   Level
 Wereblood                Tmut           9%         N/A       11%         2
 Spider Form              Tmut/Pois      6%         N/A       34%         3
 Ice Form                 Ice/Tmut       6%         N/A       75%         4


Dungeon Overview and Level Annotations

Branches:
Dungeon (5/15)
 Temple: D:4-7

Altars:

Shops:
D:1 *


Innate Abilities, Weirdness & Mutations

You cannot wear most types of armour.
You are amphibious.
You can wear up to eight rings at the same time.
Your skin changes colour to match your surroundings (Stealth+).
Your rubbery body absorbs attacks. (AC +1, EV +1)
((You are camouflaged when in or above water. (Stealth+)))
You have tentacles for arms and can constrict up to eight enemies at once.


Message History

HP restored.
b - a brown potion
Items here: ( ) [ ††.
A scorpion comes into view.
One of your tentacles grows a vicious spike.
Found an escape hatch in the floor.
An iguana comes into view.
The iguana hisses angrily.
An iguana comes into view.
The scorpion stings you! The scorpion misses you.
You closely miss the scorpion. Your grab misses the scorpion.
Your transformation is almost over.
The scorpion stings you.
You barely miss the scorpion. Your grab misses the scorpion.
The scorpion stings you. The scorpion closely misses you.
The scorpion attacks as you move away! The scorpion misses you.
A worm comes into view.
The scorpion misses you. The scorpion attacks as you move away!
The scorpion stings you!
You are poisoned.
The scorpion poisons you!
You feel sick.
You feel sick.
You feel sick.
The iguana hisses angrily.
You feel sick.
There is an escape hatch in the floor here.
You feel sick. The scorpion barely misses you. The iguana closely misses you.
The scorpion stings you.
* * * LOW HITPOINT WARNING * * *
You are lethally poisoned!
The scorpion poisons you!
You fly downwards.
The hatch slams shut behind you.
Your tentacle spike disappears.
* * * LOW HITPOINT WARNING * * *
You feel sick.
Found a stone staircase leading down and a stone staircase leading up.
As you read the scroll labelled HUTI FOESCHIFIZ, it crumbles to dust.
Magic quickly surges around you.
It was a scroll of vulnerability.
You die...

......<........
........>......
...............
...............
.............#
###..........##
...............
......l@s......
..#############


You could see a scorpion (weak-willed) and an iguana (weak-willed).

Vanquished Creatures
  An iguana (D:4)
  5 adders
  A worm (D:2)
  2 dart slugs
  An orc (D:4)
  7 endoplasms
  A giant cockroach (D:1)
  11 goblins
  5 hobgoblins
  4 jackals
  4 kobolds
  A quokka (D:4)
  2 ball pythons
  3 bats
  6 frilled lizards
  5 rats
59 creatures vanquished.

Notes
Turn   | Place    | Note
-------+----------+-------------------------------------------
     0 | D:1      | Moral the Octopode Transmuter began the quest for the Orb.
     0 | D:1      | Reached XP level 1. HP: 13/13 MP: 3/3
   329 | D:1      | Reached XP level 2. HP: 9/18 MP: 3/5
   557 | D:1      | Found Pivuzant's Assorted Antiques.
   869 | D:1      | Reached XP level 3. HP: 22/23 MP: 4/6
  1323 | D:2      | Reached XP level 4. HP: 29/29 MP: 5/7
  2421 | D:3      | HP: 2/45 [gnoll/+0 spear (5)]
  2533 | D:4      | Reached XP level 5. HP: 23/35 MP: 9/9
  2758 | D:5      | Entered Level 5 of the Dungeon
  2759 | D:5      | Succumbed to a scorpion's poison

Illustrated notes

Levels and vault maps discovered:
D:1:      grunt_arrival_lava_bath, layout_loops_ring, serial_shops,
          nicolae_shop_crystal, minmay_misc_feat_chi, minmay_box_of_dots
D:2:      wad_crossroads, layout_basic, roderic_roman_lattice
D:3:      layout_basic, grunt_ministairs_14
D:4:      cheibrodos_quashed, layout_loops_ring, mainiacjoe_overflow_paths,
          ebering_ghost_disaster_area, hangedman_glass_garden, dk_noncrumbling_4
D:5:      kennysheep_windowed_halls, layout_rooms, kennysheep_little_box,
          kennysheep_okawaru_gauntlet, minmay_temple_entry_fiery, serial_shops,
          shop, minmay_ruined_shrine, uniq_edmund, uniq_pikel

Skill      XL: |  1  2  3  4 |
---------------+-------------+-----
Fighting       | 2 |  2.4
Dodging        | 3 |  3.0
Spellcasting   | 3 |  3.0
Unarmed Combat | |  3.4
Transmutations | |  2.4

Action                     |  1- 3 |  4- 6 || total
---------------------------+-------+-------++-------
  Melee: Unarmed           |    70 |    59 ||   129
         Tentacles         |    10 |     7 ||    17
         Kick              |    21 |    15 ||    36
         Constrict         |    18 |    12 ||    30
         Punch             |     1 |     2 ||     3
   Cast: Beastly Appendage |    28 |    17 ||    45
    Use: Potion            |     1 |     2 ||     3
         Scroll            |     1 |     8 ||     9
   Stab: Sleeping          |     5 |     2 ||     7
 Armour: Skin              |    11 |    53 ||    64
  Dodge: Dodged            |    31 |    55 ||    86

Table legend: (Time is in decaauts)
 A = Elapsed time spent in this place.
 B = Non-inter-level travel time spent in this place.
 C = Inter-level travel time spent in this place.
 D = Time resting spent in this place.
 E = Time spent auto-exploring this place.
 F = Levels seen in this place.
 G = Mean time per level.
                   A        B        C        D        E       F      G
               +--------+--------+--------+--------+--------+-----+--------+
         Total |   2751 |   2682 |     69 |    268 |   1942 |   5 |  550.2 |
       Dungeon |   2751 |   2682 |     69 |    268 |   1942 |   5 |  550.2 |
               +--------+--------+--------+--------+--------+-----+--------+

Top non-repeatable levels by time:
     D:2: 1357 daAuts
     D:1: 995 daAuts
     D:4: 295 daAuts
     D:3: 100 daAuts
     D:5: 0 daAuts
